 Dungeon Crawl Stone Soup version 0.23-a0-550-g7de1f8e (webtiles) character file.

22 Lavandula the Sneak (level 3, 6/21 HPs)
             Began as a Halfling Enchanter on Dec 9, 2018.
             Quit the game on level 3 of the Dungeon.
             The game lasted 00:02:49 (890 turns).

Lavandula the Sneak (Halfling Enchanter)             Turns: 890, Time: 00:02:50

Health: 6/21       AC:  2    Str:  9    XL:     3   Next: 7%
Magic:  1/5        EV: 15    Int: 14    God:
Gold:   68         SH:  0    Dex: 14    Spells: 2/5 levels left

rFire    . . .     SeeInvis .   a - +1 dagger
rCold    . . .     Gourm    .   (shield restricted)
rNeg     . . .     Faith    .   b - +0 robe
rPois    .         Spirit   .   (no helmet)
rElec    .         Reflect  .   (no cloak)
rCorr    .         Harm     .   (no gloves)
MR       .....                  (no boots)
Stlth    ++........             (no amulet)
HPRegen  0.07/turn              (no ring)
MPRegen  0.09/turn              (no ring)

@: lethally poisoned (6 -> -9), very slightly contaminated
A: small, mutation resistance 1
a: no special abilities


You were on level 3 of the Dungeon.
You were hungry.

You visited 1 branch of the dungeon, and saw 3 of its levels.

You collected 68 gold pieces.

Inventory:

Hand Weapons
 a - a +1 dagger (weapon)
Armour
 b - a +0 robe (worn)
 j - a +0 leather armour of magic resistance
Scrolls
 c - a scroll of enchant armour {unknown}
 e - a scroll of identify {unknown}
 h - a scroll of remove curse {unknown}
 i - a scroll of noise {unknown}
Comestibles
 d - 3 rations


   Skills:
 + Level 2.5 Short Blades
 - Level 2.2 Dodging
 - Level 3.4 Stealth
 - Level 1.7 Spellcasting
 - Level 2.6 Hexes


You had 2 spell levels left.
You knew the following spells:

 Your Spells              Type           Power        Failure   Level  Hunger
a - Corona                Hex            #......      9%          1    ##.....
b - Ensorcelled Hibernat  Hex/Ice        #.....       22%         2    ###....

Your spell library contained the following spells:

 Spells                   Type           Power        Failure   Level  Hunger
 Confuse                  Hex            #.......     26%         3    ####...
 Tukima's Dance           Hex            #.......     26%         3    ####...
 Dazzling Spray           Conj/Hex       #.....       41%         3    ####...


Dungeon Overview and Level Annotations

Branches:
Dungeon (3/15)

Altars:


Innate Abilities, Weirdness & Mutations

You are small and have problems with some larger weapons.
You are somewhat resistant to further mutation.


Message History

The worker ant is moderately wounded.
You feel sick. The worker ant bites you.
You are more poisoned.
The worker ant poisons you!
You hit the worker ant.
The worker ant is heavily wounded.
The worker ant bites you.
You hit the worker ant but do no damage.
The worker ant is heavily wounded.
You feel sick. The worker ant bites you.
You are more poisoned.
The worker ant poisons you!
You hit the worker ant.
The worker ant is severely wounded.
You feel sick. The worker ant misses you.
You closely miss the worker ant.
The worker ant is severely wounded.
* * * LOW HITPOINT WARNING * * *
You feel sick. The worker ant closely misses you.
Are you sure you want to abandon this character and quit the game? (Confirm

#.# ### #.# ..#
#.# #.# #.# #.#
#.# #.####.#
#......# ######
#..#######...<#
#(...a@.<..##.#
#.###########.#
#.........(.#.#
###########(#.#
#.#.# #.#.#
#.#.# #.#.#
#.#.#


You could see a worker ant.

Vanquished Creatures
  A worm (D:2)
  A dart slug (D:3)
  A ball python (D:2)
  2 hobgoblins (D:2)
  2 kobolds
  2 quokkas (D:2)
  3 bats (D:2)
  2 frilled lizards
  2 goblins (D:2)
  2 rats
18 creatures vanquished.

Notes
Turn   | Place    | Note
-------+----------+-------------------------------------------
     0 | D:1      | Lavandula the Halfling Enchanter began the quest for the
                  | Orb.
     0 | D:1      | Reached XP level 1. HP: 11/11 MP: 3/3
   400 | D:2      | Reached XP level 2. HP: 17/17 MP: 4/4
   421 | D:2      | Learned a level 2 spell: Ensorcelled Hibernation
   723 | D:2      | Reached XP level 3. HP: 8/21 MP: 1/5
   890 | D:3      | Quit the game

Vault maps used:
D:1:      psy_arrival_spokes, serial_bayou, serial_bayou_shore_a,
          serial_bayou_pond_c, serial_bayou_crossing, serial_bayou_pond_e,
          serial_bayou_pond_a, serial_bayou_lagoon_b
D:2:      minmay_misc_feat_plants
D:3:      uniq_jessica, uniq_sigmund, uniq_ijyb

Skill      XL: |  1  2 |
---------------+-------+-----
Short Blades   | 2 |  2.5
Dodging        | |  2.2
Stealth        | |  3.4
Spellcasting   | |  1.7
Hexes          | |  2.6

Action                   || total
-------------------------++-------
Melee: Dagger            ||    85
 Cast: Ensorcelled Hiber ||     8
  Use: Potion            ||     3
 Stab: Sleeping          ||     5
Armor: Robe              ||    14
Dodge: Dodged            ||    72

Table legend:
 A = Non-vault XP
 B = Vault XP
 C = Vault XP percentage of total XP
 D = Non-vault monster count
 E = Vault monster count
 F = Vault count percentage of total count
                 A         B        C        D         E       F
            +---------+---------+-------+---------+---------+-------
      Total |      32 |       0 |   0.0 |      18 |       0 |   0.0
            +---------+---------+-------+---------+---------+-------
        D:1 |       1 |       0 |   0.0 |       1 |       0 |   0.0
        D:2 |      24 |       0 |   0.0 |      14 |       0 |   0.0
        D:3 |       7 |       0 |   0.0 |       3 |       0 |   0.0
            +---------+---------+-------+---------+---------+-------
